 Dungeon Crawl Stone Soup version 0.17.0-7-gfadd4cc (webtiles) character file.

29824 dorian the Severer (level 13, 0/86 HPs)
             Began as a Demonspawn Abyssal Knight on Nov 8, 2015.
             Was a High Priest of Lugonu.
             Slain by Rupert
             ... wielding a +1 great sword of slicing
              (5 damage)
             ... on level 5 of the Lair of Beasts.
             The game lasted 01:02:20 (20822 turns).

dorian the Severer (Demonspawn Abyssal Knight)     Turns: 20822, Time: 01:02:21

Health: 0/86       AC: 22    Str: 19    XL:     13   Next: 17%
Magic:  14/20      EV:  7    Int: 18    God:    Lugonu [*****.]
Gold:   1311       SH:  0    Dex: 12    Spells: 0 memorised, 12 levels left

rFire  + . .     SeeInvis +     x - +5 war axe (chop)
rCold  + + .     Clarity  .     Q - +1 plate armour of the Good {Str+2}
rNeg   . . .     SustAt   +     (no shield)
rPois  .         Gourm    +     (helmet unavailable)
rElec  .         Spirit   .     O - +1 cloak
rCorr  .         Warding  .     V - +1 pair of gloves "Rerehil" {rC+ Regen+ Int+3 Slay+2}
rMut   .         Stasis   .     a - +0 pair of boots
MR     .....                    t - amulet of the gourmand
Stlth  ..........               Y - ring of sustain attributes
                                K - ring of protection from fire

@: not resistant to hostile enchantments, extremely unstealthy
A: antennae 3, talons 2, cold resistance 1, demonic guardian 1
a: Depart the Abyss, Bend Space, Banish, Corrupt, Enter the Abyss, Renounce
Religion


You were on level 5 of the Lair of Beasts.
You worshipped Lugonu.
Lugonu was extremely pleased with you.
You were very full.

You visited 2 branches of the dungeon, and saw 17 of its levels.
You visited the Abyss 1 time.

You collected 1437 gold pieces.
You spent 126 gold pieces at shops.

Inventory:

Hand Weapons
 x - a +5 war axe of chopping (weapon)
Armour
 a - a +0 pair of boots (worn)
 O - a +1 cloak (worn)
 Q - the +1 plate armour of the Good (worn) {Str+2}
   (You found it on level 10 of the Dungeon)

   It affects your strength (+2).
 V - the +1 pair of gloves "Rerehil" (worn) {rC+ Regen+ Int+3 Slay+2}
   (You found it on level 12 of the Dungeon)

   It affects your intelligence (+3).
   It affects your accuracy and damage with ranged weapons and melee attacks
   (+2).
   It protects you from cold.
   It increases your rate of regeneration.
Rods
 m - a -2 iron rod (9/9)
   (You found it on level 3 of the Lair of Beasts)
Jewellery
 k - an uncursed ring of flight
 l - an uncursed amulet of resist mutation
 t - an amulet of the gourmand (around neck)
 D - a +4 ring of intelligence
 K - a ring of protection from fire (left hand)
 Y - a ring of sustain attributes (right hand)
Wands
 e - a wand of teleportation (5)
 y - a wand of draining (7)
 S - a wand of cold (1)
 W - a wand of digging (19)
 Z - a wand of hasting (3)
Scrolls
 g - 3 scrolls of recharging
 h - 9 scrolls of teleportation
 i - 3 scrolls of remove curse
 j - 7 scrolls of identify
 q - 6 scrolls of blinking
 s - a scroll of fog
 z - 3 scrolls of enchant armour
 B - 4 scrolls of amnesia
Potions
 b - a potion of ambrosia
 d - 7 potions of curing
 p - 3 potions of heal wounds
 r - 2 potions of invisibility
 u - 3 potions of might
 v - 2 potions of cancellation
 w - a potion of mutation {unknown}
 A - a potion of agility {unknown}
Books
 o - a book of Clouds

   Spells                             Type                      Level
   a - Mephitic Cloud                 Conjuration/Poison/Air       3
   b - Conjure Flame                  Conjuration/Fire             3
   c - Poisonous Cloud                Conjuration/Poison/Air       6
   d - Freezing Cloud                 Conjuration/Ice/Air          6
   e - Ring of Flames                 Charms/Fire                  7
 C - a book of Party Tricks

   Spells                             Type                      Level
   a - Summon Butterflies             Summoning                    1
   b - Apportation                    Translocation                1
   c - Tukima's Dance                 Hexes                        3
   d - Alistair's Intoxication        Transmutation/Poison         4
   e - Invisibility                   Hexes                        6
 E - a Fen Folio

   Spells                             Type                      Level
   a - Corpse Rot                     Necromancy                   2
   b - Stone Arrow                    Conjuration/Earth            3
   c - Leda's Liquefaction            Hexes/Earth                  4
   d - Summon Forest                  Summoning/Translocation      5
   e - Hydra Form                     Transmutation                6
   f - Summon Hydra                   Summoning                    7
 N - a book of Power

   Spells                             Type                      Level
   a - Fulminant Prism                Conjuration/Hexes            4
   b - Iskenderun's Mystic Blast      Conjuration                  4
   c - Venom Bolt                     Conjuration/Poison           5
   d - Bolt of Magma                  Conjuration/Fire/Earth       5
   e - Iron Shot                      Conjuration/Earth            6
   f - Orb of Destruction             Conjuration                  7
   g - Spellforged Servitor           Conjuration/Summoning        7
 U - a book of the Earth

   Spells                             Type                      Level
   a - Leda's Liquefaction            Hexes/Earth                  4
   b - Bolt of Magma                  Conjuration/Fire/Earth       5
   c - Statue Form                    Transmutation/Earth          6
   d - Iron Shot                      Conjuration/Earth            6
   e - Shatter                        Earth                        9
 X - a book of Callings

   Spells                             Type                      Level
   a - Summon Small Mammal            Summoning                    1
   b - Call Imp                       Summoning                    2
   c - Call Canine Familiar           Summoning                    3
   d - Summon Guardian Golem          Hexes/Summoning              3
   e - Summon Lightning Spire         Summoning/Air                4
   f - Summon Ice Beast               Ice/Summoning                4
Comestibles
 c - 12 bread rations
 f - 9 fruits
 n - 9 meat rations
 G - a royal jelly
 H - 5 beef jerkies
 I - 8 slices of pizza


   Skills:
 - Level 3.0 Fighting
 * Level 15.0 Axes
 + Level 0.3(10.1) Maces & Flails
 + Level 11.5 Armour
 - Level 0.8 Dodging
 - Level 1.8 Stealth
 + Level 10.6 Invocations


You had 12 spell levels left.
You didn't know any spells.

Dungeon Overview and Level Annotations

Branches:
Dungeon (12/15)            Temple (0/1) D:4            Lair (5/8) D:9
  Swamp (0/4) Lair:5        Snake (0/4) Lair:4          Orc (0/4) D:9

Altars:
Ashenzari
Dithmenos
Elyvilon
Fedhas
Gozag
Nemelex Xobeh
Okawaru
Sif Muna
Trog
Vehumet
Zin

Shops:
D:5 !   D:8 (   D:9 :

Annotations:
D:9 2 runed doors
D:11 exclusion: oklob sapling
Lair:5 Rupert
Abyss:1 Gastronok, Grinder


Innate Abilities, Weirdness & Mutations

You have a pair of large antennae on your head (SInv).
You have razor-sharp toenails.
Your flesh is cold resistant.
A weak demonic guardian rushes to your aid.


Message History

Your quasit barely misses Rupert.
You slash Rupert!
Rupert is almost dead.
Rupert hits you with a great sword of slicing!!
* * * LOW HITPOINT WARNING * * *
x2 Your quasit bites Rupert but does no damage.
Your quasit barely misses Rupert. x2
Unknown command.
You are too injured to fight recklessly!
You hit Rupert.
Rupert is almost dead.
Rupert hits you but does no damage.
You slice Rupert!!
Rupert is almost dead.
Your quasit bites Rupert but does no damage.
Your quasit claws Rupert but does no damage.
Your quasit barely misses Rupert.
Rupert hits you with a great sword of slicing!
* * * LOW HITPOINT WARNING * * *
You die...

.............P...§...............
.P............§.§§...............
..............§§§§...............
..#.....#..§....§§..............
...............§§§.............
.........P#....P......#.......
........................
#.......#....P..5.?.....
................@@......
....#....#..#........#..
........................
....#.#..#..#.....P.....
........................
........................
........................
.#.##..##.#.........#...
...........)....


You could see Rupert (berserk) and a friendly quasit.

Vanquished Creatures
  An unseen horror (D:11)
  2 hill giants (D:11)
  An ugly thing (D:12)
  2 black mambas
  Maurice (D:12)
  A spiny frog (Lair:3)
  3 komodo dragons
  3 trolls
  A polar bear (Lair:4)
  6 blink frogs
  2 slime creatures (D:12)
  2 trapdoor spiders
  A deep elf mage (D:12)
  A wyvern (D:9)
  27 yaks
  Eustachio (D:4)
  A human (D:7)
  3 vampire mosquitoes (D:12)
  2 basilisks (Lair:3)
  5 hippogriffs
  A hog (D:7)
  Grum (D:9)
  12 wolves
  9 water moccasins
  A spider (D:11)
  An orc warrior (D:11)
  5 porcupines
  3 ice beasts
  2 ogres
  4 sky beasts
  A black bear (D:7)
  A phantom (D:4)
  An eye of draining (D:12)
  11 centaurs
  3 big kobolds
  5 crocodiles
  7 giant frogs
  A water moccasin zombie (D:11)
  2 scorpions (D:12)
  4 wights (D:12)
  4 crimson imps
  A giant frog zombie (D:12)
  4 jellies
  3 killer bees (D:11)
  7 hounds
  3 centaur zombies
  2 orc priests
  A quasit (D:6)
  4 giant frog skeletons
  10 worker ants
  6 centaur skeletons
  11 iguanas
  9 sheep
  4 orc wizards
  2 hound zombies
  A hound skeleton (D:7)
  A worker ant zombie (D:5)
  15 adders
  4 gnolls (D:3)
  30 river rats
  4 shadow imps
  2 oozes
  An adder skeleton (D:8)
  A worm (D:4)
  4 giant geckos
  22 orcs
  10 ball pythons
  7 bats
  4 goblins (D:1)
  2 hobgoblins (D:1)
  8 jackals
  22 kobolds
  10 quokkas
  A ball python skeleton (D:4)
  3 giant cockroaches
  7 giant newts
  10 rats
  6 fungi
  2 plants
389 creatures vanquished.

Vanquished Creatures (collateral kills)
  A spiny frog (Lair:1)
  A basilisk (Lair:3)
  A yak (Lair:1)
  A water moccasin (Lair:1)
  A black bear (D:9)
  2 ogres
  2 centaurs
  A killer bee (D:11)
  An orc wizard (D:6)
  2 orcs
13 creatures vanquished.

Vanquished Creatures (others)
  3 hydras
  The ghost of Ijustatesigmund the Destroyer, a novice OpCj of Vehumet (D:9)
  An unseen horror (D:12)
  3 hill giants
  An ugly thing (D:10)
  A cyclops (D:9)
  A black mamba (Lair:3)
  A spiny frog (Lair:2)
  The ghost of HungrySpirit the Covert, a novice VSAs of Jiyva (D:7)
  A centaur skeleton (D:11)
  A tengu conjurer (D:9)
  2 slime creatures (D:12)
  A wyvern (D:12)
  A hungry ghost (D:10)
  A vampire mosquito (D:11)
  4 yaks
  A wolf (D:9)
  A water moccasin (D:11)
  2 centaurs
  2 phantoms
  A crocodile (Lair:3)
  A giant frog (D:9)
  5 electric eels
  2 killer bees (D:11)
  2 giant frog zombies
  An iguana (Lair:2)
  2 river rats (Lair:2)
  An adder (D:8)
  An ooze (D:7)
  An orc (D:6)
  A jackal (D:6)
  5 fungi
  9 plants
62 creatures vanquished.

Grand Total: 464 creatures vanquished

Notes
Turn   | Place    | Note
--------------------------------------------------------------
     0 | Abyss:1  | dorian the Demonspawn Abyssal Knight began the quest for the Orb.
     0 | Abyss:1  | Reached XP level 1. HP: 18/18 MP: 2/2
     9 | D:1      | Escaped the Abyss
   167 | D:1      | Gained mutation: A weak demonic guardian rushes to your aid. [demonic ancestry]
   167 | D:1      | Reached XP level 2. HP: 12/24 MP: 4/4
   431 | D:1      | Reached ** piety under Lugonu
   647 | D:1      | Reached skill level 4 in Invocations
   794 | D:1      | Gained mutation: You have a pair of small antennae on your head. [demonic ancestry]
   794 | D:1      | Reached XP level 3. HP: 2/29 MP: 6/6
  1519 | D:2      | Found a deep blue altar of Sif Muna.
  2140 | D:2      | Found a glowing silver altar of Zin.
  2314 | D:3      | Found a radiant altar of Vehumet.
  2354 | D:3      | Found a sparkling altar of Nemelex Xobeh.
  2401 | D:3      | Found an iron altar of Okawaru.
  2550 | D:3      | HP: 1/29 [adder (3)]
  2888 | D:3      | Gained mutation: Your flesh is cold resistant. [demonic ancestry]
  2888 | D:3      | Reached XP level 4. HP: 13/35 MP: 7/7
  3101 | D:3      | Found an opulent altar of Gozag.
  3172 | D:3      | Found a shadowy altar of Dithmenos.
  3447 | D:3      | Reached *** piety under Lugonu
  3845 | D:4      | Noticed Grinder
  3846 | D:4      | Banished Grinder
  3846 | D:4      | Reached skill level 1 in Stealth
  3846 | D:4      | Reached skill level 5 in Invocations
  3846 | D:4      | Gained mutation: You have a pair of antennae on your head. [demonic ancestry]
  3846 | D:4      | Reached XP level 5. HP: 41/41 MP: 8/8
  3852 | D:4      | Noticed Eustachio
  4085 | D:4      | Noticed a phantom
  4120 | D:4      | Killed a phantom
  4120 | D:4      | Gained mutation: You have sharp toenails. [demonic ancestry]
  4120 | D:4      | Reached XP level 6. HP: 25/47 MP: 10/10
  4287 | D:4      | Killed Eustachio
  4544 | D:4      | Reached skill level 6 in Invocations
  4591 | D:4      | Found a staircase to the Ecumenical Temple.
  4833 | D:4      | Gained mutation: You have razor-sharp toenails. [demonic ancestry]
  4833 | D:4      | Reached XP level 7. HP: 47/52 MP: 11/11
  4845 | D:5      | Entered Level 5 of the Dungeon
  4872 | D:5      | Found a white marble altar of Elyvilon.
  5163 | D:5      | Found a blossoming altar of Fedhas.
  5165 | D:5      | Found Jith's Distillery.
  5183 | D:5      | Bought a potion of heal wounds for 70 gold pieces
  5183 | D:5      | Bought a potion of might for 56 gold pieces
  5468 | D:5      | Reached skill level 5 in Armour
  6188 | D:6      | Found a shattered altar of Ashenzari.
  6238 | D:6      | Reached XP level 8. HP: 58/58 MP: 13/13
  6268 | D:6      | Reached skill level 7 in Invocations
  7142 | D:7      | Reached **** piety under Lugonu
  7142 | D:7      | Reached skill level 5 in Axes
  7472 | D:7      | Noticed HungrySpirit's ghost (novice VSAs)
  7473 | D:7      | Banished HungrySpirit's ghost
  7717 | D:7      | Reached XP level 9. HP: 13/63 MP: 14/14
  8723 | D:8      | Reached skill level 8 in Invocations
  8909 | D:8      | Found a sparkling altar of Nemelex Xobeh.
  9008 | D:8      | Found Cecvuxt's Antique Weapon Shop.
  9330 | D:9      | Found Pacokub's Book Boutique.
  9537 | D:9      | Found a staircase to the Orcish Mines.
  9610 | D:9      | Noticed Ijustatesigmund's ghost (novice OpCj)
  9633 | D:9      | Got a brightly glowing amber ring
  9750 | D:9      | Identified the ring "Zogh" {MR- Int+7 SInv Stlth+} (You found it on level 9 of the Dungeon)
  9810 | D:9      | Noticed Grum
  9834 | D:9      | Killed Grum
  9834 | D:9      | Reached skill level 9 in Axes
  9842 | D:9      | Gained mutation: You have a pair of large antennae on your head (SInv). [demonic ancestry]
  9842 | D:9      | Reached XP level 10. HP: 43/70 MP: 16/16
 10053 | D:9      | Found a staircase to the Lair.
 10074 | D:9      | Found a large runed door.
 10075 | D:9      | Found a large runed door.
 10295 | D:9      | Found a bloodstained altar of Trog.
 10360 | D:9      | Found a large runed door.
 10360 | D:9      | Found a large runed door.
 11400 | D:9      | Banished Ijustatesigmund's ghost
 11409 | D:9      | Noticed a hill giant
 11409 | D:9      | Noticed a cyclops
 11410 | D:9      | Banished a hill giant
 11410 | D:9      | Reached skill level 10 in Axes
 11413 | D:9      | Banished a cyclops
 11468 | D:10     | Entered Level 10 of the Dungeon
 12369 | D:10     | Got an ancient plate armour
 12380 | D:10     | Identified the cursed +1 plate armour of the Good {Str+2} (You found it on level 10 of the Dungeon)
 12851 | D:10     | Noticed a hill giant
 12853 | D:10     | Banished a hill giant
 13034 | D:11     | Noticed Gastronok
 13314 | D:11     | Noticed an unseen horror
 13333 | D:11     | Killed an unseen horror
 13348 | D:11     | Noticed a cyan ugly thing
 13770 | D:11     | Reached XP level 11. HP: 70/75 MP: 18/18
 13802 | D:11     | Noticed a hill giant
 13803 | D:11     | Banished a hill giant
 13825 | D:11     | Noticed a hill giant
 13831 | D:11     | Killed a hill giant
 13831 | D:11     | Reached skill level 11 in Axes
 13857 | D:11     | Banished Gastronok
 14119 | D:11     | Noticed a hill giant
 14192 | D:11     | Killed a hill giant
 14192 | D:11     | Reached skill level 10 in Armour
 14452 | D:11     | Noticed a green ugly thing
 14459 | D:11     | Banished a green ugly thing
 14525 | D:11     | Reached skill level 10 in Invocations
 14604 | D:11     | Got an ancient hand axe {chop}
 14605 | D:11     | Identified the +1 hand axe of the Middle {chop, +Fly rF+ MR- MP+9} (You took it off an orc on level 11 of the Dungeon)
 14866 | D:10     | Banished a cyan ugly thing
 15326 | D:12     | Noticed an unseen horror
 15332 | D:12     | Banished an unseen horror
 15332 | D:12     | Reached skill level 12 in Axes
 15337 | D:12     | Got a pair of faintly humming gloves
 15343 | D:12     | Identified the +1 pair of gloves "Rerehil" {rC+ Regen+ Int+3 Slay+2} (You found it on level 12 of the Dungeon)
 15639 | D:12     | Noticed Maurice
 15650 | D:12     | Killed Maurice
 15863 | D:12     | Reached XP level 12. HP: 74/81 MP: 19/19
 15926 | D:12     | Reached ***** piety under Lugonu
 16212 | D:12     | Reached skill level 13 in Axes
 17002 | Lair:1   | Entered Level 1 of the Lair of Beasts
 17482 | Lair:1   | Noticed a six-headed hydra
 17486 | Lair:1   | Banished a six-headed hydra
 17979 | Lair:2   | Reached skill level 14 in Axes
 18278 | Lair:2   | Got a crude long sword
 18279 | Lair:2   | Identified the +2 long sword "Caicoh" {slice, rElec Dex+3} (You found it on level 2 of the Lair of Beasts)
 18844 | Lair:3   | Noticed a four-headed hydra
 18845 | Lair:3   | Banished a four-headed hydra
 19653 | Lair:4   | Found a staircase to the Snake Pit.
 19875 | Lair:4   | Reached XP level 13. HP: 84/86 MP: 20/20
 20094 | Lair:4   | Noticed a four-headed hydra
 20096 | Lair:4   | Banished a four-headed hydra
 20336 | Lair:5   | Reached skill level 15 in Axes
 20377 | Lair:5   | Found a staircase to the Swamp.
 20803 | Lair:5   | Noticed Rupert
 20822 | Lair:5   | Slain by Rupert

Action                   |  1- 3 |  4- 6 |  7- 9 | 10-12 | 13-15 || total
-------------------------+-------+-------+-------+-------+-------++-------
Melee: Hand axe          |   167 |       |       |    50 |       ||   217
       War axe           |       |    85 |   259 |   799 |   111 ||  1254
       Flail             |       |       |       |    14 |       ||    14
Invok: Banish            |       |     1 |     6 |    14 |     4 ||    25
Evoke: Wand              |       |       |       |     1 |       ||     1
  Use: Potion            |     1 |     1 |       |     4 |       ||     6
       Scroll            |       |    10 |     5 |     9 |       ||    24
 Stab: Distracted        |       |       |       |     1 |     1 ||     2
  Eat: Chunk             |    13 |     6 |    20 |    38 |     5 ||    82
       Fruit             |       |       |       |     3 |       ||     3
